 Dungeon Crawl Stone Soup version 0.22.1-1-ga44c0e5 (webtiles) character file.

69 Zebedee the Insei (level 4, -2/28 HPs)
             Began as an Octopode Transmuter on Oct 8, 2018.
             Slain by a goblin (4 damage)
             ... led by Robin
             ... on level 2 of the Dungeon.
             The game lasted 00:08:59 (3021 turns).

Zebedee the Insei (Octopode Transmuter)             Turns: 3021, Time: 00:09:00

Health: -2/28      AC:  1    Str:  8 (9)  XL:     4   Next: 20%
Magic:  7/7        EV: 13    Int: 14 (16) God:
Gold:   148        SH:  0    Dex: 10 (12) Spells: 5/8 levels left

rFire    . . .     SeeInvis .     - Unarmed
rCold    . . .     Gourm    .   (no shield)
rNeg     . . .     Faith    .   (helmet restricted)
rPois    .         Spirit   .   (no amulet)
rElec    .         Reflect  .   e - ring of resist corrosion
rCorr    +         Harm     .   (no ring)
MR       .....                  (no ring)
Stlth    ++........             (no ring)
HPRegen  0.09/turn              (no ring)
MPRegen  0.10/turn              (no ring)
                                (no ring)
                                (no ring)

@: appendage (expiring)
A: almost no armour, stealthy swim, amphibious, 8 rings, constrict 8, tentacle
spike 3, camouflage 1, gelatinous body 1
a: End Transformation


You were on level 2 of the Dungeon.
You were not hungry.
One of your tentacles had a temporary spike.
You visited 1 branch of the dungeon, and saw 3 of its levels.

You collected 148 gold pieces.

Inventory:

Hand Weapons
 h - a +0 spear
Missiles
 a - 17 arrows
 f - 117 stones (quivered)
Jewellery
 e - a ring of resist corrosion (left tentacle)
 l - a cursed ring of teleportation {unknown}
 s - an uncursed ring of wizardry {unknown}
Wands
 q - a wand of iceblast (3)
Scrolls
 b - 3 scrolls of teleportation {unknown}
 i - 4 scrolls of identify {unknown}
 j - a scroll of immolation {unknown}
 n - a scroll of amnesia {unknown}
 o - 3 scrolls of enchant armour {unknown}
 p - a scroll of enchant weapon {unknown}
Potions
 d - a potion of degeneration
 g - a potion of curing
 m - a potion of berserk rage {unknown}
 r - a potion of flight {unknown}
Comestibles
 c - 7 rations
 k - 3 chunks of flesh


   Skills:
 + Level 1.1 Fighting
 - Level 2.0 Dodging
 - Level 0.4 Stealth
 + Level 4.0 Unarmed Combat
 + Level 2.6 Spellcasting
 * Level 0.1 Hexes
 * Level 0.3 Necromancy
 + Level 2.4 Transmutations


You had 5 spell levels left.
You knew the following spells:

 Your Spells              Type           Power        Failure   Level  Hunger
a - Beastly Appendage     Tmut           #.....       9%          1    #......
b - Confusing Touch       Hex            #.....       22%         1    #......
c - Animate Skeleton      Necr           N/A          19%         1    #......

Your spell library contained the following spells:

 Spells                   Type           Power        Failure   Level  Hunger
 Sticks to Snakes         Tmut           #.......     12%         2    ###....
 Apportation              Tloc           #.....       22%         1    #......
 Summon Small Mammal      Summ           #...         22%         1    #......
 Spider Form              Tmut/Pois      #.........   38%         3    ###....
 Ice Form                 Ice/Tmut       #.......     80%         4    #####..
 Blade Hands              Tmut           #.........   92%         5    ######.


Dungeon Overview and Level Annotations

Branches:
Dungeon (3/15)

Altars:
Nemelex Xobeh

Annotations:
D:3 Robin


Innate Abilities, Weirdness & Mutations

You cannot wear most types of armour.
You are very stealthy in the water. (Stealth+)
You are amphibious.
You can wear up to eight rings at the same time.
You can use your tentacles to constrict eight enemies at once.
Your skin changes colour to match your surroundings (Stealth+).
Your rubbery body absorbs attacks. (AC +1, EV +1)
One of your tentacles bears a large vicious spike.


Message History

Your hobgoblin skeleton hits the hobgoblin but does no damage.
The goblin barely misses you.
It was a potion of degeneration.
There was something very wrong with that liquid.
You feel weakened.
You feel dopey.
You feel clumsy.
You constrict the hobgoblin, but do no damage.
The goblin barely misses you.
The hobgoblin hits your hobgoblin skeleton with a club!
Your hobgoblin skeleton is destroyed!
The goblin hits you but does no damage.
The hobgoblin shouts!
It was a potion of curing.
You feel better.
You constrict the hobgoblin.
You kill the hobgoblin!
The goblin barely misses you. The goblin hits you.
* * * LOW HITPOINT WARNING * * *
The goblin hits you.
* * * LOW HITPOINT WARNING * * *
You see here a club.
The goblin hits you.
You die...

..##.# ##.# ###........>........
###..####.####...............#...
#..............#...##...##.#....#
#########.######.......###.##...#
#.######..#....###..#..##
######.................#.....#
#.......#####......###........
#.......# ###.##...###........
#.......###..@.##............#
#...........gg...............#
#........#...................#
#........#.)......<...........
#........#>...........###.....
#######..##..........## #.....
#..###...##...## #..... ##.#
########## #..... #.# ###...


You could see 2 goblins.

Vanquished Creatures
  A gnoll (D:1)
  An adder (D:2)
  A worm (D:2)
  A leopard gecko (D:3)
  A giant cockroach (D:1)
  5 goblins
  7 hobgoblins
  3 jackals
  A quokka (D:2)
  A ball python (D:1)
  7 bats
  7 frilled lizards
  6 kobolds
  4 rats
46 creatures vanquished.

Notes
Turn   | Place    | Note
-------+----------+-------------------------------------------
     0 | D:1      | Zebedee the Octopode Transmuter began the quest for the
                  | Orb.
     0 | D:1      | Reached XP level 1. HP: 13/13 MP: 3/3
   207 | D:1      | Reached XP level 2. HP: 12/18 MP: 3/5
  1212 | D:1      | Reached XP level 3. HP: 23/23 MP: 4/6
  1314 | D:1      | Found a sparkling altar of Nemelex Xobeh.
  1897 | D:2      | Learned a level 1 spell: Confusing Touch
  1899 | D:2      | Learned a level 1 spell: Animate Skeleton
  2534 | D:3      | Reached skill level 4 in Unarmed Combat
  2539 | D:3      | Reached XP level 4. HP: 28/28 MP: 7/7
  2882 | D:3      | Noticed Robin
  3021 | D:2      | Slain by a goblin

Skill      XL: |  1  2  3 |
---------------+----------+-----
Unarmed Combat | 4 |  4.0
Fighting       | |  1.1
Dodging        | |  2.0
Stealth        | |  0.4
Spellcasting   | |  2.6
Hexes          | |  0.1
Necromancy     | |  0.3
Transmutations | |  2.4

Action                   |  1- 3 |  4- 6 || total
-------------------------+-------+-------++-------
Melee: Unarmed           |    81 |    16 ||    97
       Constrict         |    23 |     5 ||    28
       Kick              |    11 |     2 ||    13
       Tentacles         |    11 |     3 ||    14
Throw: Stone             |    10 |       ||    10
 Cast: Beastly Appendage |    25 |     3 ||    28
       Animate Skeleton  |       |     1 ||     1
       Confusing Touch   |       |     1 ||     1
  Use: Potion            |       |     2 ||     2
 Stab: Sleeping          |     3 |       ||     3
  Eat: Chunk             |     5 |     2 ||     7
Armor: Skin              |     6 |     1 ||     7
Dodge: Dodged            |    55 |    12 ||    67
